 Dungeon Crawl Stone Soup version 0.20-a0-949-g916514f (webtiles) character file.

1232 Murumi the Shield-Bearer (level 8, 0/62 HPs)
             Began as a Formicid Fighter on Apr 4, 2017.
             Slain by an ice beast (7 damage)
             ... on level 5 of the Dungeon.
             The game lasted 00:25:31 (5832 turns).

Murumi the Shield-Bearer (Formicid Fighter)         Turns: 5832, Time: 00:25:32

Health: 0/62       AC: 13    Str: 22    XL:     8   Next: 77%
Magic:  8/8        EV:  8    Int:  9    God:
Gold:   226        SH: 11    Dex: 10    Spells: 7/7 levels left

rFire    . . .     SeeInvis +   a - +0 long sword
rCold    . . .     Gourm    .   c - +1 shield
rNeg     . . .     Faith    .   e - +0 chain mail
rPois    .         Spirit   .   (helmet unavailable)
rElec    .         Reflect  .   (no cloak)
rCorr    .         Harm     .   (no gloves)
MR       .....                  (no boots)
Stlth    ..........             (no amulet)
Regen    0.2/turn               j - +4 ring of protection
MPRegen  0.2/turn               n - ring of flight

@: no status effects
A: permanent stasis, dig shafts and tunnels, four strong arms, antennae 3
a: Dig, Shaft Self, Evoke Flight


You were on level 5 of the Dungeon.
You were not hungry.

You visited 1 branch of the dungeon, and saw 5 of its levels.

You collected 275 gold pieces.
You spent 49 gold pieces at shops.

Inventory:

Hand Weapons
 a - a +0 long sword (weapon)
 b - a +0 hand crossbow
Missiles
 o - 11 bolts
Armour
 c - a +1 shield (worn)
 e - a +0 chain mail (worn)
Jewellery
 j - a +4 ring of protection (left hand)
 n - a ring of flight (right hand)
Wands
 l - a wand of polymorph (12/24)
Scrolls
 h - 2 scrolls of enchant weapon
 m - 4 scrolls of remove curse
 r - a scroll of fear
 s - 2 scrolls of identify
 t - 2 scrolls of magic mapping
Potions
 d - 2 potions of curing
 k - a potion of flight
 q - a potion of brilliance
Comestibles
 f - 4 bread rations
 g - 2 meat rations
 i - 10 fruits
 p - 4 royal jellies
 u - a chunk of flesh


   Skills:
 - Level 5.1 Fighting
 - Level 4.2 Long Blades
 - Level 4.2 Crossbows
 - Level 5.0 Armour
 + Level 3.8 Dodging
 - Level 6.2 Shields


You had 7 spell levels left.
You didn't know any spells.

Dungeon Overview and Level Annotations

Branches:
Dungeon (5/15)
 Temple: D:4-7

Altars:
Fedhas
Kikubaaqudgha
Nemelex Xobeh
Sif Muna
Xom

Shops:
D:5 ?


Innate Abilities, Weirdness & Mutations

You cannot be hasted, slowed, berserked, paralysed or teleported.
You can dig through walls and to a lower floor.
Your four strong arms can wield two-handed weapons with a shield.
You have a pair of large antennae on your head. (SInv)


Message History

Your chain mail prevents you from hitting the ice beast.
The ice beast is heavily wounded.
You closely miss the ice beast.
The ice beast is heavily wounded.
The ice beast hits you but does no damage.
You hit the ice beast.
The ice beast is severely wounded.
The ice beast closely misses you.
You hit the ice beast.
The ice beast is severely wounded.
The ice beast hits you.
* * * LOW HITPOINT WARNING * * *
The ice beast freezes you.
* * * LOW HITPOINT WARNING * * *
You hit the ice beast.
The ice beast is almost dead.
The ice beast hits you.
* * * LOW HITPOINT WARNING * * *
The ice beast freezes you!
You die...

#.# #.#.##.##...######
#.# #.#.##....#.......
#.# ##.#.##..#...######
#.# #.......)##.### #)#
#..#..........# #.#
#..#.###.##.#.# #.#
#..#.##..##..>#####
#.###..Y...........##..
##.....@............##.#
#)####.##.##...........#
##.# #.##.##.###...#####
### #.##.##.# ##..####
#.##.##.####.....##
#.##.##.....[..#..#
#.##.#######......#
..##...........)..#
#############.#..†.


You could see an ice beast.

Vanquished Creatures
  The ghost of Patate the Covert, an amateur SpEn (D:4)
  A necrophage (D:5)
  A centaur (D:3)
  2 ogres (D:4)
  A bullfrog (D:5)
  A scorpion (D:5)
  5 crimson imps
  2 orc priests (D:5)
  A hound (D:5)
  A bullfrog skeleton (D:4)
  Terence (D:2)
  A worker ant (D:5)
  A hound zombie (D:5)
  A worker ant zombie (D:4)
  11 gnolls
  11 adders
  An ooze (D:2)
  2 worms
  3 dart slugs
  5 leopard geckos
  2 orcs
  2 bat zombies (D:5)
  7 giant cockroaches
  10 goblins
  8 hobgoblins
  12 jackals
  7 kobolds
  2 ball pythons (D:2)
  6 bats
  7 frilled lizards
  A quokka skeleton (D:4)
  4 rats
  3 rat zombies (D:5)
124 creatures vanquished.

Notes
Turn   | Place    | Note
-------+----------+-------------------------------------------
     0 | D:1      | Murumi the Formicid Fighter began the quest for the Orb.
     0 | D:1      | Reached XP level 1. HP: 18/18 MP: 1/1
    23 | D:1      | Reached skill level 1 in Dodging
    52 | D:1      | Reached XP level 2. HP: 23/24 MP: 2/2
   372 | D:1      | Reached XP level 3. HP: 21/29 MP: 3/3
   680 | D:1      | Reached skill level 4 in Shields
  1009 | D:2      | Reached XP level 4. HP: 31/35 MP: 4/4
  1148 | D:2      | Found a blossoming altar of Fedhas.
  1333 | D:2      | Noticed Terence
  1342 | D:2      | Killed Terence
  1342 | D:2      | Reached XP level 5. HP: 38/42 MP: 5/5
  2155 | D:3      | Found a shimmering altar of Xom.
  2265 | D:3      | Reached skill level 5 in Armour
  2265 | D:3      | Reached XP level 6. HP: 32/48 MP: 6/6
  2733 | D:3      | Found a faded altar of an unknown god.
  3137 | D:3      | Reached skill level 5 in Shields
  3261 | D:3      | Found a sparkling altar of Nemelex Xobeh.
  3385 | D:3      | Reached XP level 7. HP: 51/54 MP: 7/7
  3661 | D:4      | Noticed Patate's ghost (amateur SpEn)
  4036 | D:4      | Killed Patate's ghost
  4297 | D:4      | Reached skill level 1 in Crossbows
  4566 | D:4      | Reached XP level 8. HP: 25/60 MP: 8/8
  5089 | D:5      | Entered Level 5 of the Dungeon
  5219 | D:5      | Reached skill level 5 in Fighting
  5262 | D:5      | Found Inoth's Magic Scroll Shoppe.
  5281 | D:5      | Bought a scroll of magic mapping for 49 gold pieces
  5458 | D:5      | Reached skill level 6 in Shields
  5642 | D:5      | Found an ancient bone altar of Kikubaaqudgha.
  5673 | D:5      | Found a deep blue altar of Sif Muna.
  5832 | D:5      | Slain by an ice beast

Vault maps used:
D:1:      dpeg_arrival_oval, feat_on_display
D:2:      fedhas_altar_fruit_tree, serial_forest,
          infiniplex_forest_lined_corner, infiniplex_forest_clump_small,
          infiniplex_forest_clump_curved, infiniplex_forest_straight_1,
          minmay_splitting_lines, minmay_quantized, uniq_terence
D:3:      nemelex_xobeh_ov_fountains_minmay, chequers_ecumenical_altar_grove,
          first_bread, led_xom_imps
D:5:      lemuel_zombie_altar_kikubaaqudgha, overflow_temple_1_default,
          serial_shops, nicolae_shop_stone

Skill      XL: |  1  2  3  4  5  6  7  8 |
---------------+-------------------------+-----
Dodging        | 1 2 3 |  3.8
Shields        | 4 5 6 |  6.2
Long Blades    | 3 4 |  4.2
Fighting       | 4 5 |  5.1
Armour         | 5 |  5.0
Crossbows      | 3 4 |  4.2

Action                   |  1- 3 |  4- 6 |  7- 9 || total
-------------------------+-------+-------+-------++-------
Melee: Long sword        |   107 |   368 |   494 ||   969
 Abil: Dig               |     1 |     1 |     5 ||     7
  Use: Scroll            |     4 |     5 |     2 ||    11
       Potion            |     3 |     2 |     2 ||     7
  Eat: Chunk             |     1 |     8 |     9 ||    18
       Fruit             |       |       |     1 ||     1
Armor: Scale mail        |    22 |       |       ||    22
       Chain mail        |    45 |   215 |   212 ||   472
Dodge: Dodged            |    32 |    90 |   104 ||   226
Block: Shield            |    59 |   191 |   200 ||   450
       Rpst.: Long sword |    11 |    30 |    31 ||    72
